 Dungeon Crawl Stone Soup version 0.25-a0-316-gd28d56f9c5 (webtiles) character file.

Game seed: 2135951376842882464, levelgen mode: classic

1000 Borgoz the Slasher (level 8, -1/48 HPs)
             Began as a Gargoyle Gladiator on Dec 25, 2019.
             Was a Follower of Ashenzari.
             Slain by an orc
             ... wielding a +0 trident
              (3 damage)
             ... on level 6 of the Dungeon.
             The game lasted 00:07:42 (4125 turns).

Borgoz the Slasher (Gargoyle Gladiator)             Turns: 4125, Time: 00:07:43

Health: -1/48      AC: 13    Str: 18    XL:     8   Next: 19%
Magic:  8/8        EV: 13    Int:  9    God:    Ashenzari [*.....]
Gold:   319        SH:  0    Dex: 13    Spells: 7/7 levels left

rFire    . . .     SeeInvis .   a - +0 long sword
rCold    + . .     Gourm    .   (no shield)
rNeg     + . .     Faith    .   s - +0 ring mail
rPois    ∞         Spirit   .   c - +0 helmet
rElec    +         Reflect  .   (no cloak)
rCorr    .         Harm     .   y - +0 pair of gloves
MR       .....                  (no boots)
Stlth    +.........             (no amulet)
HPRegen  0.16/turn              (no ring)
MPRegen  0.11/turn              (no ring)

@: berserk cooldown, slowed, very slow
A: big wings, cold resistance 1, negative energy resistance 1, electricity
resistance, unbreathing, petrification resistance, rot immunity, AC +5
a: Fly, Curse Item, Scrying, Renounce Religion


You were on level 6 of the Dungeon.
You worshipped Ashenzari.
Ashenzari was aware of your devotion.
You were very hungry.

You visited 1 branch of the dungeon, and saw 6 of its levels.

You collected 319 gold pieces.

Inventory:

Hand Weapons
 a - a +0 long sword (weapon)
Missiles
 v - 2 throwing nets (quivered)
Armour
 c - a +0 helmet (worn)
 s - a +0 ring mail (worn)
 y - a +0 pair of gloves (worn)
Jewellery
 u - an uncursed ring of protection from cold
 z - an uncursed ring of flight
Wands
 d - a wand of flame (7)
 w - a wand of random effects (26)
Scrolls
 b - 4 scrolls of identify {unknown}
 g - 2 scrolls of enchant weapon {unknown}
 h - 3 scrolls of magic mapping {unknown}
 j - 5 scrolls of teleportation
 k - a scroll of amnesia {unknown}
 m - a scroll of noise {unknown}
 n - 2 scrolls of fog {unknown}
 o - a scroll of fear {unknown}
 r - 2 scrolls of remove curse
 t - a scroll of random uselessness {unknown}
 A - a scroll of immolation {unknown}
 C - a scroll of blinking {unknown}
Potions
 i - a potion of mutation
 l - 3 potions of brilliance {unknown}
 x - 2 potions of invisibility
Comestibles
 f - 11 rations


   Skills:
 + Level 4.6 Fighting
 * Level 5.5 Long Blades
 - Level 1.7 Throwing
 + Level 3.8 Armour
 * Level 5.0 Dodging


You had 7 spell levels left.
You didn't know any spells.
Your spell library contained the following spells:

 Spells                   Type           Power        Failure   Level  Hunger
 Confusing Touch          Hex            #.....       56%         1    ##.....
 Confuse                  Hex            #.......     91%         3    ####...
 Gell's Gravitas          Tloc           #.........   91%         3    ####...
 Petrify                  Tmut/Erth      #.......     100%        4    #####..
 Metabolic Englaciation   Hex/Ice        #.........   100%        5    ######.
 Yara's Violent Unravell  Hex/Tmut       #.........   100%        5    ######.


Dungeon Overview and Level Annotations

Branches:
Dungeon (6/15)
 Temple: D:4-7

Altars:
Ashenzari
Fedhas
Trog


Innate Abilities, Weirdness & Mutations

You are resistant to torment.
Your stone body is resilient. (AC +5)
You are immune to poison.
You resist negative energy. (rN+)
You are resistant to electric shocks. (rElec)
You can survive without breathing.
You are immune to petrification.
You are immune to rotting.
Your large and strong wings let you fly indefinitely.
Your flesh is cold resistant. (rC+)


Message History

* * * LOW HITPOINT WARNING * * *
You miss something.
You are engulfed in a cloud of scalding steam.
Your unstable footing causes you to fumble your attack.
You are engulfed in a cloud of scalding steam.
* * * LOW HITPOINT WARNING * * *
Your ring mail prevents you from hitting the orc.
You are engulfed in a cloud of scalding steam.
* * * LOW HITPOINT WARNING * * *
Your unstable footing causes you to fumble your attack.
You are engulfed in a cloud of scalding steam.
* * * LOW HITPOINT WARNING * * *
You are engulfed in a cloud of scalding steam.
You are no longer berserk.
You are exhausted.
You feel yourself slow down.
It was a potion of mutation.
You feel extremely strange.
You feel resistant to cold.
Your wings grow larger and stronger.
The orc hits you from afar with a +0 trident.
You die...

...........<..###########
.#..#.....).†.##........#
.##.#.........##........#
..............5.........#
###....≈............(%..#
#....r############5...#
##.....#∩ #o{≈#{...#
##(....†# #§#{#{o..####
...##..h# #@#≈#h.......
........#
#≈≈≈≈≈#≈h≈≈......#
......hr#
#####≈#w#≈.......#
........# ≈≈#≈≈≈..######
...##...# ###≈#...#
..####..# { #≈≈≈..#
........##########≈≈...#
...........hSho.......##
#........{###r..... ..#


You could see an orc.

Vanquished Creatures
  Eustachio (D:5)
  Duvessa (D:4)
  A sky beast (D:6)
  A phantom (D:5)
  An ogre (D:4)
  Dowan (D:4)
  A scorpion (D:4)
  3 bullfrog skeletons (D:5)
  Jessica (D:3)
  An iguana (D:5)
  2 orc wizards (D:3)
  A hound skeleton (D:4)
  8 adders
  A gnoll (D:5)
  An ooze (D:3)
  An adder skeleton (D:5)
  2 worms
  A dart slug (D:4)
  2 leopard geckos
  9 orcs
  A giant cockroach (D:2)
  9 goblins
  7 hobgoblins
  13 jackals
  10 kobolds
  2 quokkas
  A ball python (D:4)
  4 bats
  2 frilled lizards
  A quokka skeleton (D:4)
  8 rats
98 creatures vanquished.

Notes
Turn   | Place    | Note
-------+----------+-------------------------------------------
     0 | D:1      | Borgoz the Gargoyle Gladiator began the quest for the Orb.
     0 | D:1      | Reached XP level 1. HP: 12/12 MP: 1/1
   250 | D:1      | Reached XP level 2. HP: 18/18 MP: 2/2
   398 | D:1      | Found a shattered altar of Ashenzari.
   414 | D:1      | Became a worshipper of Ashenzari the Shackled
   488 | D:1      | Reached XP level 3. HP: 17/22 MP: 3/3
   562 | D:1      | Reached skill level 1 in Armour
  1487 | D:3      | Reached XP level 4. HP: 24/27 MP: 4/4
  1626 | D:3      | Found a blossoming altar of Fedhas.
  1636 | D:3      | Reached XP level 5. HP: 20/32 MP: 5/5
  1757 | D:3      | Noticed Jessica
  1771 | D:3      | Killed Jessica
  2169 | D:3      | Reached * piety under Ashenzari
  2754 | D:4      | Reached XP level 6. HP: 37/37 MP: 6/6
  2782 | D:4      | Noticed Duvessa
  2782 | D:4      | Noticed Dowan
  2786 | D:4      | Killed Duvessa
  2802 | D:4      | Killed Dowan
  2929 | D:4      | Reached XP level 7. HP: 42/42 MP: 7/7
  3186 | D:5      | Entered Level 5 of the Dungeon
  3593 | D:5      | Found a bloodstained altar of Trog.
  3685 | D:5      | Reached skill level 5 in Long Blades
  3878 | D:6      | Noticed Eustachio
  3936 | D:5      | Killed Eustachio
  3936 | D:5      | Reached XP level 8. HP: 11/48 MP: 8/8
  3979 | D:6      | Reached skill level 5 in Dodging
  4123 | D:6      | HP: 2/72 [something (2)]
  4125 | D:6      | Gained mutation: Your flesh is cold resistant. (rC+)
                  | [potion of mutation]
  4125 | D:6      | Gained mutation: Your large and strong wings let you fly
                  | indefinitely. [potion of mutation]
  4125 | D:6      | Slain by an orc

Levels and vault maps discovered:
D:1:      wheals_arrival_shading, layout_loops_corners, minmay_misc_feat_rows,
          hangedman_decor_lopped, roderic_lattice_a, minmay_misc_feat_alley,
          ebering_dispersal_statue_hall, evilmike_ruin_ashenzari
D:2:      wad_pebble_path, layout_loops_ring
D:3:      layout_basic, kennysheep_flooded_box, minmay_misc_feat_doors,
          uniq_jessica
D:4:      layout_gridville, temple_hall, first_ration, grunt_ministairs_14,
          corexii_shack, uniq_duvessa
D:5:      layout_rooms, lemuel_crystal_altar
D:6:      layout_rooms, lightli_sewer_entry_pipes, basic_altar,
          hangedman_decor_slide_cut, uniq_eustachio

Skill      XL: |  1  2  3  4  5  6  7  8 |
---------------+-------------------------+-----
Long Blades    | 3 4 5 |  5.5
Armour         | 1 2 3 |  3.8
Dodging        | 3 4 5 |  5.0
Fighting       | 3 4 |  4.6
Throwing       | |  1.7

Action                   |  1- 3 |  4- 6 |  7- 9 || total
-------------------------+-------+-------+-------++-------
Melee: Long sword        |    99 |   101 |   172 ||   372
Throw: Throwing net      |       |     1 |     2 ||     3
  Use: Scroll            |       |     1 |       ||     1
       Potion            |       |       |     7 ||     7
  Eat: Chunk             |     2 |     5 |     3 ||    10
Armor: Leather armour    |    39 |    10 |       ||    49
       Ring mail         |       |    38 |   106 ||   144
       Skin              |       |       |    84 ||    84
Dodge: Dodged            |    74 |    58 |   177 ||   309
       Rpst.: Long sword |    26 |    19 |    60 ||   105

Table legend:
 A = Non-vault XP
 B = Vault XP
 C = Vault XP percentage of total XP
 D = Non-vault monster count
 E = Vault monster count
 F = Vault count percentage of total count
                 A         B        C        D         E       F
            +---------+---------+-------+---------+---------+-------
      Total |     923 |     506 |  35.4 |      86 |      12 |  12.2
            +---------+---------+-------+---------+---------+-------
        D:1 |      43 |       0 |   0.0 |      25 |       0 |   0.0
        D:2 |      18 |       0 |   0.0 |      10 |       0 |   0.0
        D:3 |     158 |      37 |  19.0 |      24 |       1 |   4.0
        D:4 |     216 |     226 |  51.1 |       7 |       4 |  36.4
        D:5 |     344 |     197 |  36.4 |      15 |       1 |   6.2
        D:6 |     144 |      46 |  24.2 |       5 |       6 |  54.5
            +---------+---------+-------+---------+---------+-------
